 Dungeon Sprint DCSS version 0.31-a0-358-gac0dbeb3ab (webtiles) character file.

Game seed: 13838754528789811957

27836 garrulousMonolith the Skinwalker (level 13, -3/72 HPs)
             Began as an Octopode Shapeshifter on July 25, 2023.
             Was the Champion of Qazlal.
             Slain by a fire dragon (8 damage)
             ... in the Dungeon (Sprint V: "Ziggurat Sprint").
             The game lasted 00:08:46 (1497 turns).

garrulousMonolith the Skinwalker (OpSh)             Turns: 1497, Time: 00:08:47

Health: -3/72      AC: 10    Str: 30    XL:     13   Next: 35%
Magic:  19/27      EV:  8    Int: 11    God:    Qazlal [******]
Gold:   0          SH: 36    Dex: 29    Spells: 12/12 levels left

rFire   + + +        F - +9 lance "Wyrmbane" {slay drac, rPois rF+ rC+ AC+3}
rCold   + + +        K - +18 shield of the Gong {Loud rN+ Will+ rCorr EV-5}
rNeg    + + +        T - -2 hat of the Alchemist {rElec rPois rF+ rC+ rN+ Will+ rMut rCorr}
rPois   +            P - dreamdust necklace {Acrobat}
rElec   +            O - ring of Xom's Wantonness {rElec rPois rN+ SInv}
rCorr   +            s - +6 ring of dexterity
SInv    +            M - ring of the Tortoise {AC+8}
Will    ++++.        w - +6 ring of strength
Stlth   +            x - +6 ring of strength
HPRegen 0.32/turn    t - +6 ring of dexterity
MPRegen 0.20/turn    N - ring of Jumat {Fire Will++ Dex+4}
                     l - ring of protection from cold

%: no teleportation, repel missiles, acrobat, resist mutation
@: maw-form, protected from cold, studying 3 skills, unable to read
A: devouring maw, almost no armour, amphibious, 8 rings, camouflage 1,
gelatinous body 1, (nimble swimmer 1), tentacles, inability to read after injury
1
a: Begin Untransformation, Renounce Religion, Upheaval, Elemental Force,
Disaster Area


You were in the Dungeon.
You worshipped Qazlal.
Qazlal was exalted by your worship.
You were a creature with a mouth for a stomach.
You visited 1 branch

Inventory:

Hand Weapons
 E - the +11 Singing Sword {sonic wave}
   (You found it in the Dungeon)
 F - the +9 lance "Wyrmbane" (weapon) {slay drac, rPois rF+ rC+ AC+3}
   (You found it in the Dungeon)

   AC:        It affects your AC (+3).
   rF:        It protects you from fire.
   rC:        It protects you from cold.
   rPois:     It protects you from poison.
 G - the +6 shillelagh "Devastator" {shatter}
   (You found it in the Dungeon)
 H - the +6 Majin-Bo {spellvamp, MP+6 Int+6}
   (You found it in the Dungeon)

   Int:       It affects your intelligence (+6).
   MP:        It affects your magic capacity (+6).
 I - the +27 heavy crossbow "Sniper" {heavy, Acc+∞ SInv}
   (You found it in the Dungeon)

   Acc+∞: It never misses its target.
   SInv:      It lets you see invisible.
 J - the +16 obsidian axe {drain, demonic, Mesm Drain Fly SInv}
   (You found it in the Dungeon)

   Mesm:      Its wielder is mesmerised by any visible foes, and it cannot be
   unequipped while any foes are visible.
   SInv:      It lets you see invisible.
   Fly:       It grants you flight.
   Drain:     It drains your maximum health when unequipped.
 U - the +8 mithril axe "Arga" {speed, Will+}
   (You found it in the Dungeon)

   Will:      It increases your willpower.
Armour
 K - the +18 shield of the Gong (worn) {Loud rN+ Will+ rCorr EV-5}
   (You found it in the Dungeon)

   Loud:      It is deafeningly noisy when blocking attacks.
   EV:        It affects your evasion (-5).
   rN:        It protects you from negative energy.
   rCorr:     It protects you from acid and corrosion.
   Will:      It increases your willpower.
 T - the -2 hat of the Alchemist (worn) {rElec rPois rF+ rC+ rN+ Will+ rMut rCorr}
   (You found it in the Dungeon)

   rF:        It protects you from fire.
   rC:        It protects you from cold.
   rElec:     It insulates you from electricity.
   rPois:     It protects you from poison.
   rN:        It protects you from negative energy.
   rCorr:     It protects you from acid and corrosion.
   rMut:      It protects you from mutation.
   Will:      It increases your willpower.
Jewellery
 l - a ring of protection from cold (on tentacle)
 s - a +6 ring of dexterity (right tentacle)
 t - a +6 ring of dexterity (on tentacle)
 u - a +6 ring of intelligence
 w - a +6 ring of strength (on tentacle)
 x - a +6 ring of strength (on tentacle)
 M - the ring of the Tortoise (on tentacle) {AC+8}
   (You found it in the Dungeon)

   [ring of protection]

   AC:        It affects your AC (+8).
 N - the ring of Jumat (on tentacle) {Fire Will++ Dex+4}
   (You found it in the Dungeon)

   [ring of fire]

   It enhances your fire magic.
   Dex:       It affects your dexterity (+4).
   rF:        It protects you from fire.
   rC:        It makes you vulnerable to cold.
   Will:      It greatly increases your willpower.
 O - the ring of Xom's Wantonness (left tentacle) {rElec rPois rN+ SInv}
   (You found it in the Dungeon)

   [ring of see invisible]

   rElec:     It insulates you from electricity.
   rPois:     It protects you from poison.
   rN:        It protects you from negative energy.
   SInv:      It lets you see invisible.
 P - the dreamdust necklace (around mantle) {Acrobat}
   (You found it in the Dungeon)

   [amulet of the acrobat]

   It increases your evasion while moving and waiting.
 S - the amulet of Vitality {RegenMP++ Regen++}
   (You found it in the Dungeon)

   [amulet of magic regeneration]

   It increases your rate of magic regeneration.
   Regen:     It increases your rate of health regeneration.
 X - a ring of protection from cold
 Z - the amulet "Vaomyhatz" {Reflect rCorr Dex+3 SH+5}
   (You found it in the Dungeon)

   [amulet of reflection]

   It reflects blocked missile attacks.
   Dex:       It affects your dexterity (+3).
   rCorr:     It protects you from acid and corrosion.
   SH:        It affects your SH (+5).
Talismans
 b - a beast talisman
 y - a blade talisman
 z - a maw talisman
 A - a serpent talisman
 L - a storm talisman
Wands
 v - a wand of flame (2)
 B - a wand of mindburst (14)
 C - a wand of iceblast (19)
 D - a wand of light (7)
 Q - a wand of digging (12)
 R - a wand of polymorph (6)
 W - a wand of paralysis (7)
Scrolls
 h - 4 scrolls of blinking
 n - 4 scrolls of amnesia
 o - 7 scrolls of fog
 p - 5 scrolls of identify
 q - 2 scrolls of fear
Potions
 a - a potion of lignification
 c - 10 potions of curing
 d - 11 potions of heal wounds
 e - 10 potions of haste
 f - 7 potions of magic
 g - 3 potions of berserk rage
 i - 2 potions of brilliance
 j - a potion of invisibility
 k - 4 potions of resistance
 m - 5 potions of might


   Skills:
 - Level 1.0 Fighting
 - Level 2.0 Dodging
 - Level 3.0 Unarmed Combat
 - Level 20.2 Invocations
 + Level 24.2 Shapeshifting


You had 12 spell levels left.
You didn't know any spells.
Your spell library contained the following spells:

 Spells                   Type           Power      Damage    Failure   Level
 Apportation              Tloc           0%         N/A       58%         1
 Foxfire                  Conj/Fire      0%         2x1d4     58%         1
 Sting                    Tmut/Pois      0%         1d3       58%         1
 Cigotuvi's Dreadful Rot  Necr/Pois/Air  0%         N/A       73%         2
 Ensorcelled Hibernation  Hex/Ice        0%         N/A       73%         2
 Passwall                 Tmut/Erth      0%         N/A       73%         2
 Poisonous Vapours        Pois/Air       0%         N/A       73%         2
 Sublimation of Blood     Necr           0%         N/A       73%         2
 Frozen Ramparts          Ice            0%         1d1       91%         3
 Ignite Poison            Fire/Tmut/Pois 0%         N/A       91%         3
 Swiftness                Air            0%         N/A       91%         3
 Volatile Blastmotes      Fire/Tloc      0%         2d10      91%         3
 Anguish                  Hex/Necr       0%         N/A       100%        4
 Animate Dead             Necr           0%         N/A       100%        4
 Iskenderun's Mystic Bla  Conj/Tloc      0%         2d3       100%        4
 Olgreb's Toxic Radiance  Pois           0%         N/A       100%        4
 Petrify                  Tmut/Erth      0%         N/A       100%        4
 Sticky Flame             Conj/Fire      0%         2d3       100%        4
 Summon Lightning Spire   Summ/Air       0%         N/A       100%        4
 Borgnjor's Vile Clutch   Necr/Erth      0%         N/A       100%        5
 Freezing Cloud           Conj/Ice/Air   0%         6-21      100%        5
 Irradiate                Conj/Tmut      0%         3d11      100%        5
 Lee's Rapid Deconstruct  Erth           0%         3d4*      100%        5
 Metabolic Englaciation   Hex/Ice        0%         N/A       100%        5
 Yara's Violent Unravell  Hex/Tmut       0%         3d3       100%        5
 Death Channel            Necr           0%         N/A       100%        6
 Dispersal                Tloc           0%         N/A       100%        6
 Plasma Beam              Fire/Air       0%         2x1d10    100%        6
 Simulacrum               Ice/Necr       0%         N/A       100%        6
 Starburst                Conj/Fire      0%         6d3       100%        6
 Malign Gateway           Summ/Tloc      0%         N/A       100%        7
 Ozocubu's Refrigeration  Ice            0%         4d7       100%        7
 Discord                  Hex            0%         N/A       100%        8
 Ignition                 Fire           0%         3d3       100%        8
 Polar Vortex             Ice            0%         N/A       100%        9
 Animate Armour           Summ/Erth      Unusable   N/A       N/A         4

Dungeon Overview and Level Annotations

Branches:
Dungeon (1/1)

Altars:
Ashenzari
Cheibriados
Dithmenos
Elyvilon
Fedhas
Gozag
Hepliaklqana
Kikubaaqudgha
Makhleb
Nemelex Xobeh
Okawaru
Qazlal
Ru
Sif Muna
Trog
Uskayaw
Vehumet
Wu Jian
Xom
Yredelemnul
Zin
The Shining One
Jiyva
Lugonu


Innate Abilities, Weirdness & Mutations

You are a creature with a mouth for a stomach.
Your midsection houses a second, enormous mouth.
You cannot wear most types of armour.
You are amphibious.
You can wear up to eight rings at the same time.
Your skin changes colour to match your surroundings (Stealth+).
Your rubbery body absorbs attacks. (AC +1, EV +1)
((You are camouflaged when in or above water. (Stealth+)))
You have tentacles for arms and can constrict up to eight enemies at once.
You occasionally lose the ability to read scrolls when taking damage.


Message History

Qazlal accepts your kill.
The death drake barely misses your kobold.
You block the ice dragon's attack.
PANG!
The ice dragon claws you!
* * * LOW HITPOINT WARNING * * *
You block the ice dragon's attack.
SHROANNG!
The fire dragon bites you but does no damage.
The fire dragon claws you.
* * * LOW HITPOINT WARNING * * *
The fire dragon tramples you but does no damage.
Activating: Disaster Area (0% risk of failure)
Press: ? - help, Dir - look around, f - activate
There are friendlies around; are you sure you want to hurt them?
Nature churns violently around you!
The cutting wind hits the steam dragon!!!
You kill the steam dragon!
Qazlal accepts your kill.
The cutting wind hits your giant cockroach!!
You kill your giant cockroach!
Your giant cockroach's corpse disappears in a puff of smoke!
The cutting wind hits the death drake!!!
The death drake is almost dead.
The cutting wind hits the acid dragon!!!
You kill the acid dragon!
Qazlal accepts your kill. x2
You feel a bit more experienced.
The blast of magma engulfs the fire dragon!!
The fire dragon partially resists.
You kill the fire dragon!
Qazlal accepts your kill. The ice dragon breathes frost at you.
The blast of cold hits you. You resist.
Your resistance to physical damage fades away.
You feel protected from cold.
* * * LOW HITPOINT WARNING * * *
The fire dragon breathes flames at you. The blast of flame misses you.
The fire dragon bites you!
You die...

▓.............▓...........
▓.............▓...........
▓...†.........▓...........
▓...††§.......▓...........
▓....§§.......▓..▓.....▓..
▓...§§§§.§§...▓.▓.▓...▓.▓.
▓..▓..§§§k§▓..▓..▓.....▓..
▓....D§§DD§§..▓.....©.....
▓.....§DDW§§..▓▓▓▓▓▓▓▓▓▓▓▓
▓....§§§§§§≈≈.▓....8©8....
▓▓▓▓▓▓▓▓▓▓▓▓▓▓▓.....).[)..
▓...[.").... ▓...........
▓........... ▓........|..
▓........... ▓..▓.....▓..


You could see 2 fire dragons, an ice dragon (catching breath), a death drake and
a swamp dragon.

Vanquished Creatures
  2 royal mummies (D)
  3 azure jellies (D)
  A rockslime (D)
  2 bennus (D)
  A mummy priest (D)
  2 fire dragons (D)
  An ice dragon (D)
  A death scarab (D)
  2 large abominations (D)
  2 thrashing horrors (D)
  2 soul eaters (D)
  2 skysharks (D)
  A swamp dragon (D)
  An ugly thing (D)
  A shining eye (D)
  2 eyes of devastation (D)
  An orange demon (D)
  A cane toad (D)
  2 komodo dragons (D)
  2 yaktaurs (D)
  A freezing wraith (D)
  2 ice devils (D)
  2 guardian mummies (D)
  3 merfolk (D)
  2 polar bears (D)
  3 wind drakes (D)
  A blink frog (D)
  2 raiju (D)
  3 flying skulls (D)
  Sigmund (D)
  A slime creature (D)
  2 spriggans (D)
  A yak (D)
  4 ushabtiu (D)
  A wyvern (D)
  A wyvern (shapeshifter) (D)
  A basilisk (D)
  3 golden eyes (D)
  2 steam dragons (D)
  An acid dragon (D)
  2 hell hounds (D)
  4 water moccasins (D)
  2 swamp drakes (D)
  2 ice beasts (D)
  A wolf (D)
  A small abomination (D)
  4 centaurs (D)
  Blork the orc (D)
  2 bullfrogs (D)
  2 crimson imps (D)
  A quasit (D)
  Crazy Yiuf (D)
  4 orc priests (D)
  2 iron imps (D)
  A jelly (D)
  Jessica (D)
  2 iguanas (D)
  An orc wizard (D)
  3 mummies (D)
  A river rat (D)
  A white imp (D)
  A spectral adder (D)
  2 adder skeletons (D)
  A spectral bat (D)
  2 bat zombies (D)
  2 endoplasms (D)
  A jackal (D)
  2 ball python skeletons (D)
  2 ball python zombies (D)
  A giant cockroach zombie (D)
  A quokka zombie (D)
  A spectral ball python (D)
  A spectral giant cockroach (D)
125 creatures vanquished.

Notes
Turn   | Place    | Note
-------+----------+-------------------------------------------
     0 | D        | garrulousMonolith the Octopode Shapeshifter began the quest
                  | for the Orb.
     0 | D        | Reached XP level 1. HP: 13/13 MP: 1/1
     0 | D        | Found a shimmering blue altar of Sif Muna.
     0 | D        | Found a sacrificial altar of Ru.
     0 | D        | Found a bloodstained altar of Trog.
     0 | D        | Found a stormy altar of Qazlal.
     0 | D        | Found an iron altar of Okawaru.
     0 | D        | Found a sparkling altar of Nemelex Xobeh.
     0 | D        | Found a blossoming altar of Fedhas.
     0 | D        | Found the +6 Majin-Bo {spellvamp, MP+6 Int+6}
     0 | D        | Found the +27 heavy crossbow "Sniper" {heavy, Acc+∞ SInv}
     0 | D        | Found the +10 dark maul {heavy}
     0 | D        | Found the +15 Maxwell's patent armour {-Cast -Tele rElec
                  | Will+ rCorr}
     0 | D        | Found the +18 shield of the Gong {Loud rN+ Will+ rCorr
                  | EV-5}
     0 | D        | Found the +16 obsidian axe {drain, demonic, Mesm Drain Fly
                  | SInv}
     0 | D        | Found the +7 great mace "Firestarter" {flame, immolate,
                  | rFlCloud rF++}
     0 | D        | Found the +6 shillelagh "Devastator" {shatter}
     0 | D        | Found the +11 plutonium sword {Contam Stlth-}
     0 | D        | Found the +8 lance "Wyrmbane" {slay drac, rPois rF+ rC+
                  | AC+3}
     0 | D        | Found the +9 sword of Zonguldrok {reap}
     0 | D        | Found the +13 scythe of Curses {drain, curses, Drain}
     0 | D        | Found the +9 sword of Power {lifebolt}
     0 | D        | Found the +7 mace of Variability {chaos, chaos arc}
     0 | D        | Found the +11 Singing Sword {sonic wave}
     0 | D        | Found the +8 storm bow {elec, penet}
     2 | D        | Found a transporter.
     2 | D        | Found an ancient bone altar of Kikubaaqudgha.
     2 | D        | Found a viscous altar of Jiyva.
     2 | D        | Found a corrupted altar of Lugonu.
     2 | D        | Found a hazy altar of Hepliaklqana.
     2 | D        | Found a burning altar of Makhleb.
     2 | D        | Found an opulent altar of Gozag.
    23 | D        | Became a worshipper of Qazlal Stormbringer
    52 | D        | Reached skill level 6 in Shapeshifting
    52 | D        | Reached XP level 2. HP: 18/18 MP: 2/2
    75 | D        | Entered arena 2.
    75 | D        | Noticed a white ugly thing
    75 | D        | Noticed a wyvern
    75 | D        | Found a transporter.
    79 | D        | Killed a wyvern
    80 | D        | Reached skill level 8 in Shapeshifting
    80 | D        | Reached XP level 3. HP: 22/23 MP: 2/7
    80 | D        | Reached XP level 4. HP: 27/28 MP: 2/8
    80 | D        | Reached XP level 5. HP: 32/33 MP: 2/9
    80 | D        | Killed a white ugly thing
    81 | D        | Reached skill level 10 in Invocations
    81 | D        | Reached skill level 10 in Shapeshifting
    81 | D        | Reached XP level 6. HP: 38/38 MP: 2/13
    81 | D        | Reached XP level 7. HP: 43/43 MP: 2/14
   174 | D        | Entered arena 3.
   174 | D        | Noticed a spriggan
   174 | D        | Noticed a spriggan
   174 | D        | Found a transporter.
   178 | D        | Killed a spriggan
   178 | D        | Reached * piety under Qazlal
   179 | D        | Reached skill level 11 in Shapeshifting
   180 | D        | Killed a spriggan
   181 | D        | Reached XP level 8. HP: 48/48 MP: 14/17
   188 | D        | Got the amulet "Woohanorch" {Faith Will- Str+3 Int+2}
   191 | D        | Got the ring of Jumat {Fire Will++ Dex+4}
   200 | D        | Entered arena 4.
   200 | D        | Noticed a yaktaur
   200 | D        | Noticed a yaktaur
   200 | D        | Found a transporter.
   205 | D        | Reached ** piety under Qazlal
   205 | D        | HP: 1/48 [yaktaur/bolt (20)]
   210 | D        | Killed a yaktaur
   211 | D        | Reached skill level 12 in Shapeshifting
   211 | D        | Killed a yaktaur
   363 | D        | Entered arena 5.
   363 | D        | Noticed Sigmund
   363 | D        | Noticed Jessica
   363 | D        | Noticed Blork the orc
   363 | D        | Noticed Crazy Yiuf
   363 | D        | Found a transporter.
   364 | D        | Killed Sigmund
   364 | D        | Reached *** piety under Qazlal
   364 | D        | Killed Crazy Yiuf
   364 | D        | Killed Jessica
   365 | D        | Reached skill level 13 in Shapeshifting
   365 | D        | Reached XP level 9. HP: 47/53 MP: 15/19
   368 | D        | Killed Blork the orc
   489 | D        | Entered arena 6.
   489 | D        | Found a transporter.
   490 | D        | Reached **** piety under Qazlal
   496 | D        | Got the ring of Xom's Wantonness {rElec rPois rN+ SInv}
   511 | D        | Entered arena 7.
   511 | D        | Found the dreamshard necklace {Acrobat *Dream}
   512 | D        | Reached ***** piety under Qazlal
   514 | D        | Reached skill level 15 in Invocations
   515 | D        | Found a transporter.
   555 | D        | Entered arena 8.
   555 | D        | Found the +2 pair of slick slippers {slick, slippery, EV+4}
   557 | D        | Reached skill level 14 in Shapeshifting
   603 | D        | Found a transporter.
   622 | D        | Entered arena 9.
   622 | D        | Found the amulet of Vitality {RegenMP++ Regen++}
   622 | D        | Found the -2 hat of the Alchemist {rElec rPois rF+ rC+ rN+
                  | Will+ rMut rCorr}
   622 | D        | Noticed a polar bear
   622 | D        | Noticed a freezing wraith
   622 | D        | Noticed an ice devil
   622 | D        | Noticed a polar bear
   622 | D        | Noticed an ice devil
   623 | D        | Killed an ice devil
   623 | D        | Killed a polar bear
   623 | D        | Killed a freezing wraith
   624 | D        | Reached XP level 10. HP: 58/58 MP: 12/22
   624 | D        | Found a transporter.
   677 | D        | Entered arena 10.
   677 | D        | Found the ring of the Tortoise {AC+8}
   678 | D        | Reached ****** piety under Qazlal
   679 | D        | Reached skill level 15 in Shapeshifting
   679 | D        | Found a transporter.
   730 | D        | Entered arena 11.
   730 | D        | Noticed a mummy priest
   730 | D        | Noticed a death scarab
   730 | D        | Noticed a royal mummy
   731 | D        | Found a transporter.
   732 | D        | Noticed a jiangshi
   732 | D        | Noticed a flayed ghost
   732 | D        | Noticed a death scarab
   732 | D        | Noticed a death scarab
   732 | D        | Killed a mummy priest
   732 | D        | Killed a death scarab
   732 | D        | Killed a royal mummy
   733 | D        | Reached skill level 17 in Shapeshifting
   733 | D        | Reached XP level 11. HP: 39/63 MP: 15/25
   786 | D        | Got the Enchiridion on Orientation and Detritus
   796 | D        | Entered arena 12.
   796 | D        | Noticed a royal mummy
   796 | D        | Noticed a bennu
   797 | D        | Killed a bennu
   797 | D        | Noticed a bennu
   798 | D        | Reached skill level 18 in Shapeshifting
   798 | D        | Killed a bennu
   799 | D        | Found the +8 mithril axe "Arga" {speed, Will+}
   799 | D        | Noticed a death scarab
   800 | D        | Killed a royal mummy
   801 | D        | Reached skill level 19 in Shapeshifting
   801 | D        | Reached XP level 12. HP: 42/68 MP: 1/26
   916 | D        | Found a transporter.
   926 | D        | Got Datwi's Meditations on Changing Wildfire
   938 | D        | Entered arena 13.
   938 | D        | Noticed a soul eater
   939 | D        | Noticed a soul eater
   940 | D        | Killed a soul eater
   940 | D        | Killed a soul eater
   941 | D        | Reached skill level 20 in Shapeshifting
   980 | D        | Found a transporter.
  1003 | D        | Entered arena 14.
  1003 | D        | Noticed a skyshark
  1005 | D        | Killed a skyshark
  1006 | D        | Reached skill level 21 in Shapeshifting
  1006 | D        | Noticed a skyshark
  1013 | D        | Killed a skyshark
  1014 | D        | Found a transporter.
  1049 | D        | Entered arena 15.
  1049 | D        | Noticed a thrashing horror
  1049 | D        | Noticed a thrashing horror
  1050 | D        | Noticed a large abomination
  1052 | D        | Killed a large abomination
  1055 | D        | Killed a thrashing horror
  1056 | D        | Reached skill level 22 in Shapeshifting
  1056 | D        | Found a transporter.
  1059 | D        | Killed a thrashing horror
  1236 | D        | Got the amulet "Cov Feut" {Reflect rPois rC++ Str-2 Dex+3
                  | SH+5}
  1257 | D        | Entered arena 16.
  1257 | D        | Noticed an azure jelly
  1257 | D        | Noticed a rockslime
  1257 | D        | Noticed an azure jelly
  1258 | D        | Noticed an azure jelly
  1259 | D        | Killed an azure jelly
  1259 | D        | Gained mutation: You occasionally lose the ability to read
                  | scrolls when taking damage. [a shining eye]
  1260 | D        | Reached XP level 13. HP: 72/72 MP: 18/27
  1260 | D        | Killed an azure jelly
  1260 | D        | Killed a rockslime
  1260 | D        | Killed an azure jelly
  1261 | D        | Reached skill level 23 in Shapeshifting
  1261 | D        | Found the +6 arbalest "Damnation" {damnation}
  1344 | D        | Found a transporter.
  1356 | D        | Got the amulet "Vaomyhatz" {Reflect rCorr Dex+3 SH+5}
  1475 | D        | Entered arena 17.
  1477 | D        | Noticed a fire dragon
  1477 | D        | Noticed an ice dragon
  1477 | D        | Noticed a fire dragon
  1478 | D        | Noticed a fire dragon
  1480 | D        | Noticed a fire dragon
  1480 | D        | Noticed an ice dragon
  1490 | D        | Killed a fire dragon
  1491 | D        | Reached skill level 24 in Shapeshifting
  1491 | D        | Killed an ice dragon
  1497 | D        | Killed a fire dragon
  1497 | D        | Slain by a fire dragon

Illustrated notes

Levels and vault maps discovered:
D:        sprint_v [room_start, room_1, room_2, room_3, room_4, room_5, room_6,
          room_7, room_8, room_9, room_10, room_11, room_12, room_13, room_14,
          room_15, room_16, room_17, room_18, room_19, room_20, room_21,
          room_22, room_23, room_24, room_25, room_26, room_27]

Skill      XL: |  1  2  3  4  5  6  7  8  9 10 11 12 13 |
---------------+----------------------------------------+-----
Shapeshifting  | 6 8 10 11 13 14 17 19 22 24 | 24.2
Invocations    | 6 10 12 14 16 20 | 20.2
Fighting       | |  1.0
Dodging        | |  2.0
Unarmed Combat | |  3.0

Action                     |  1- 3 |  4- 6 |  7- 9 | 10-12 | 13-15 || total
---------------------------+-------+-------+-------+-------+-------++-------
  Melee: Double sword      |     2 |     1 |    10 |     3 |       ||    16
         Constrict         |     1 |       |     1 |       |       ||     2
         Tentacles         |     1 |       |     2 |     3 |     5 ||    11
         Maw               |       |       |     5 |     2 |     3 ||    10
         Lance             |       |       |       |     5 |     9 ||    14
         Unarmed           |       |       |       |     5 |       ||     5
         Punch             |       |       |       |     2 |     1 ||     3
 Invoke: Upheaval          |       |       |     4 |       |     1 ||     5
         Disaster Area     |       |       |     2 |    10 |     2 ||    14
  Evoke: Wand              |     2 |       |     1 |       |       ||     3
    Use: Potion            |     1 |       |     6 |       |     6 ||    13
   Stab: Invisible         |       |       |     1 |       |       ||     1
 Armour: Skin              |     1 |       |       |     3 |    34 ||    38
  Dodge: Dodged            |       |       |     9 |    22 |    25 ||    56
         Repelled          |       |       |       |       |     3 ||     3
  Block: Kite shield       |     2 |       |    41 |    13 |    59 ||   115
         Other             |       |       |       |     8 |       ||     8
   Form: Maw               |     1 |       |       |       |     1 ||     2
         Blade             |     1 |       |       |       |       ||     1
         Storm             |       |       |       |     1 |       ||     1

Table legend: (Time is in decaauts)
 A = Elapsed time spent in this place.
 B = Non-inter-level travel time spent in this place.
 C = Inter-level travel time spent in this place.
 D = Time resting spent in this place.
 E = Time spent auto-exploring this place.
 F = Levels seen in this place.
 G = Mean time per level.
                   A        B        C        D        E       F      G
               +--------+--------+--------+--------+--------+-----+--------+
         Total |   1520 |   1520 |      0 |   1043 |      0 |   1 | 1520.0 |
       Dungeon |   1520 |   1520 |      0 |   1043 |      0 |   1 | 1520.0 |
               +--------+--------+--------+--------+--------+-----+--------+

Top non-repeatable levels by time:
       D: 1520 daAuts
